 Dungeon Crawl Stone Soup version 0.30-a0-760-g5a9884bb7c (webtiles) character file.

Game seed: 14174392454551663173

7928 barkas the Cleaver (level 11, -1/90 HPs)
             Began as a Demonspawn Cinder Acolyte on Feb 10, 2023.
             Was an Elder of Ignis.
             Slain by a troll (9 damage)
             ... on level 9 of the Dungeon.
             The game lasted 00:17:32 (13274 turns).

barkas the Cleaver (Demonspawn Cinder Acolyte)     Turns: 13274, Time: 00:17:33

Health: -1/90      AC:  8    Str: 18    XL:     11   Next: 3%
Magic:  16/22      EV: 11    Int: 15    God:    Ignis [****..]
Gold:   507        SH:  4    Dex: 10    Spells: 11/13 levels left

rFire   + . .      SeeInvis .    G - +4 war axe (freeze)
rCold   + . .      Faith    .    (no shield)
rNeg    . . .      Spirit   .    H - +2 robe {rC+}
rPois   .          Reflect  .    (no helmet)
rElec   .          Harm     .    D - +0 cloak
rCorr   .          Rampage  .    (gloves unavailable)
Will    .....                    j - +0 pair of boots
Stlth   +                        (no amulet)
HPRegen 0.35/turn                c - ring of magical power
MPRegen 0.18/turn                (no ring)

@: rising, flying, very slightly contaminated
A: yellow scales 1, powered by death 1, condensation shield, demonic touch 3
a: Renounce Religion, Fiery Armour, Foxfire Swarm


You were on level 9 of the Dungeon.
You worshipped Ignis.
Ignis was greatly pleased with you.
You visited 2 branches of the dungeon, and saw 11 of its levels.

You collected 559 gold pieces.
You spent 52 gold pieces at shops.

Inventory:

Hand Weapons
 a - a -1 hand axe of flaming
 f - a +0 demon whip of venom
 p - a +2 whip of electrocution
 B - the +1 spear of the Warrior {flame, rElec rCorr}
   (You found it on level 6 of the Dungeon)

   rElec:     It insulates you from electricity.
   rCorr:     It protects you from acid and corrosion.
 G - a +4 war axe of freezing (weapon)
Missiles
 l - a throwing net (quivered)
Armour
 b - a +0 robe
 g - a +0 ring mail
 j - a +0 pair of boots (worn)
 t - a +0 leather armour
 u - a +0 pair of gloves
 D - a +0 cloak (worn)
 H - a +2 robe of cold resistance (worn)
Jewellery
 c - a ring of magical power (left hand)
 E - an amulet of guardian spirit
Wands
 m - a wand of flame (24)
Scrolls
 h - a scroll of teleportation
 n - a scroll of fog
 r - 2 scrolls of fear
 v - 2 scrolls of magic mapping
 y - 4 scrolls of poison
 A - a scroll of vulnerability
 F - a scroll of amnesia
Potions
 d - a potion of heal wounds
 e - a potion of ambrosia
 i - 5 potions of flight
 k - 2 potions of haste
 o - 2 potions of attraction
 q - 5 potions of curing
 s - 4 potions of brilliance
 w - 2 potions of resistance
 x - a potion of experience {unknown}
 z - 2 potions of magic
 C - a potion of mutation {unknown}


   Skills:
 + Level 10.0 Fighting
 * Level 12.5 Axes
 - Level 1.5 Spellcasting
 - Level 5.0 Fire Magic


You had 11 spell levels left.
You knew the following spells:

 Your Spells              Type           Power      Damage    Failure   Level
a - Scorch                Fire           32%        2d6       4%          2

Your spell library contained the following spells:

 Spells                   Type           Power      Damage    Failure   Level
 Magic Dart               Conj           4%         1d3       24%         1
 Shock                    Conj/Air       4%         1d3       24%         1
 Blink                    Tloc           2%         N/A       34%         2
 Cigotuvi's Dreadful Rot  Necr/Pois/Air  2%         N/A       34%         2
 Lesser Beckoning         Tloc           2%         N/A       34%         2
 Momentum Strike          Conj/Tloc      2%         3d8       34%         2
 Searing Ray              Conj           2%         2d4       34%         2
 Gell's Gravitas          Tloc           1%         N/A       56%         3
 Portal Projectile        Hex/Tloc       2%         N/A       56%         3
 Swiftness                Air            1%         N/A       56%         3
 Teleport Other           Tloc           1%         N/A       56%         3
 Tukima's Dance           Hex            1%         N/A       56%         3
 Airstrike                Air            0%         2d(1-17)  93%         4
 Dispel Undead            Necr           1%         3d6       93%         4
 Fulminant Prism          Conj/Hex       0%         3d5       93%         4
 Alistair's Intoxication  Tmut/Pois      0%         N/A       100%        5
 Blade Hands              Tmut           0%         N/A       100%        5
 Borgnjor's Vile Clutch   Necr/Erth      0%         N/A       100%        5
 Death Channel            Necr           0%         N/A       100%        6
 Dispersal                Tloc           0%         N/A       100%        6
 Eringya's Noxious Bog    Tmut/Pois      0%         N/A       100%        6


Dungeon Overview and Level Annotations

Branches:
Dungeon (10/15)            Temple (1/1) D:4            Lair (0/5) D:10
    Orc: D:9-12

Altars:
Cheibriados
Dithmenos
Fedhas
Gozag
Hepliaklqana
Makhleb
Nemelex Xobeh
Okawaru
Qazlal
Ru
Sif Muna
Trog
Uskayaw
Vehumet
Wu Jian
Xom
Yredelemnul

Shops:
D:5 ?

Annotations:
D:6 2 transporters


Innate Abilities, Weirdness & Mutations

You are partially covered in yellow scales. (AC +2)
You regenerate a little health from kills.
A meltable shield of frost defends you. (SH +4)
Your touch may irresistibly damage your foes and sap their willpower.


Message History

There is an open door here.
The troll attacks as you move away! The troll barely misses you.
The troll claws you but does no damage. The troll claws you.
The troll attacks as you move away! The troll bites you but does no damage.
The troll closely misses you. The troll claws you!
The troll attacks as you move away! The troll bites you but does no damage.
The troll claws you. The troll claws you!
The howler monkey hoots and howls with incredible vigour!
The troll attacks as you move away! The troll closely misses you.
The troll claws you but does no damage. The troll claws you!
The troll attacks as you move away! The troll bites you but does no damage.
The troll claws you. The troll claws you!
Casting: Scorch (safe; 4% risk of failure)
Confirm with . or Enter, or press ? or * to list all spells.
Flames lash the howler monkey.
The howler monkey is heavily wounded.
The howler monkey's fire resistance burns away.
The troll barely misses you. The troll claws you! x2
Casting: Scorch (safe; 4% risk of failure)
Confirm with . or Enter, or press ? or * to list all spells.
You miscast Scorch.
You are very lightly contaminated with residual magic.
Nothing appears to happen.
The troll closely misses you. The troll barely misses you.
The troll claws you but does no damage.
The howler monkey hoots and howls with incredible vigour!
Casting: Scorch (safe; 4% risk of failure)
Confirm with . or Enter, or press ? or * to list all spells.
You miscast Scorch.
Nothing appears to happen.
The troll bites you!
* * * LOW HITPOINT WARNING * * *
You block the troll's attack. The troll claws you.
* * * LOW HITPOINT WARNING * * *
Okay, then.
Okay, then.
Unknown command.
You begin to rise into the air.
The howler monkey is no longer more vulnerable to fire.
The troll bites you.
* * * LOW HITPOINT WARNING * * *
The troll claws you but does no damage. The troll claws you!
You die...

...........##..........#
#.#
.<...8...<.######.####.#
#.# ...........# #..#
#.# #.#
####...#########.## #.#
#.# ...+...'......##.#
#.# #.#
...#.⌠.#.......#.#####.#
#.#
...'...'........h...##.#
#.#
####...#########T##.##.#
#.# ...........#
#@##.##.# #.#
.>...8..h>.# #.##.##.#
#.# ...........#
#.....#.# #.#
####..)#########.#####.#
#.#
#...######....#...#.#
#.#
#.>.##..##.##.###.#.#
#.# #...##..#..##.#
#.#.# #.####
######....###.# #.#.#
#.#... ##############.#
#.#.# #.#.##


You could see a troll and a howler monkey.

Vanquished Creatures
  A two-headed ogre (D:9)
  Amaemon (D:10)
  Maurice (D:8)
  An orange demon (D:10)
  A wraith (D:10)
  3 wyverns
  15 yaks
  A shadow (D:9)
  4 vampire mosquitoes (D:9)
  A steam dragon (D:5)
  An acid dragon (D:9)
  A water moccasin (D:6)
  2 ice beasts
  2 orc warriors
  A black bear (D:5)
  3 ogres
  3 phantoms
  A kobold brigand (D:7)
  3 scorpions
  A necrophage (D:8)
  4 wights (D:9)
  3 killer bees (D:9)
  A howler monkey (D:5)
  9 hounds
  A jelly (D:4)
  An orc priest (D:7)
  Jessica (D:3)
  A gnoll bouda (D:4)
  2 iguanas
  5 orc wizards
  11 gnolls
  4 adders
  A shadow imp (D:7)
  2 worms
  2 dart slugs (D:1)
  28 orcs
  6 ball pythons
  3 bats
  12 endoplasms
  2 giant cockroaches
  9 goblins
  10 hobgoblins
  10 kobolds
  5 quokkas
  4 frilled lizards
  4 rats
188 creatures vanquished.

Vanquished Creatures (others)
  10 foxfires (D:4)
10 creatures vanquished.

Grand Total: 198 creatures vanquished

Notes
Turn   | Place    | Note
-------+----------+-------------------------------------------
     0 | D:1      | barkas the Demonspawn Cinder Acolyte began the quest for
                  | the Orb.
     0 | D:1      | Reached XP level 1. HP: 18/18 MP: 2/2
   349 | D:1      | Gained mutation: You regenerate a little health from kills.
                  | [demonic ancestry]
   349 | D:1      | Reached XP level 2. HP: 5/24 MP: 3/3
   733 | D:1      | Reached skill level 3 in Axes
   793 | D:1      | Reached XP level 3. HP: 25/29 MP: 5/5
  1210 | D:2      | Learned a level 2 spell: Scorch
  1261 | D:2      | Found a hazy altar of Hepliaklqana.
  1955 | D:3      | Found a faded altar of an unknown god.
  1959 | D:3      | Gained mutation: Your touch may inflict minor irresistible
                  | damage on your foes. [demonic ancestry]
  1959 | D:3      | Reached XP level 4. HP: 36/36 MP: 6/6
  2059 | D:3      | Noticed Jessica
  2061 | D:3      | Killed Jessica
  2385 | D:3      | Found a hazy altar of Hepliaklqana.
  2396 | D:3      | Found a stormy altar of Qazlal.
  2439 | D:3      | Found a shimmering altar of Xom.
  2514 | D:3      | Reached skill level 4 in Axes
  2639 | D:3      | Found a hide-covered altar of Uskayaw.
  2847 | D:3      | Noticed an angel
  3091 | D:4      | Reached XP level 5. HP: 42/42 MP: 7/7
  3195 | D:4      | Found a staircase to the Ecumenical Temple.
  3208 | Temple   | Entered the Ecumenical Temple
  3592 | D:4      | Reached skill level 5 in Axes
  3592 | D:4      | Gained mutation: You are partially covered in yellow
                  | scales. (AC +2) [demonic ancestry]
  3592 | D:4      | Reached XP level 6. HP: 49/49 MP: 6/8
  3808 | D:4      | Found a bloodstained altar of Trog.
  4272 | D:5      | Entered Level 5 of the Dungeon
  4281 | D:4      | Reached skill level 5 in Fighting
  4281 | D:4      | Reached skill level 6 in Axes
  4281 | D:4      | Reached XP level 7. HP: 56/56 MP: 6/9
  4725 | D:5      | Reached skill level 7 in Axes
  4725 | D:5      | Noticed a steam dragon
  4735 | D:5      | Killed a steam dragon
  4736 | D:5      | Reached XP level 8. HP: 59/64 MP: 1/10
  5303 | D:5      | Found Cek Kuag's Magic Scroll Shoppe.
  5744 | D:6      | Identified the +1 spear of the Warrior {flame, rElec rCorr}
  5764 | D:6      | Reached skill level 8 in Axes
  6870 | D:6      | Found a transporter.
  6919 | D:6      | Found a transporter.
  7136 | D:5      | Bought a scroll of fear for 52 gold pieces
  7466 | D:7      | Gained mutation: Your touch may inflict irresistible damage
                  | on your foes. [demonic ancestry]
  7466 | D:7      | Reached XP level 9. HP: 72/72 MP: 6/11
  7663 | D:6      | Reached skill level 9 in Axes
  7992 | D:7      | Reached skill level 5 in Fire Magic
  8086 | D:7      | Found a sacrificial altar of Ru.
  8911 | D:7      | Found a shadowy altar of Dithmenos.
  9218 | D:8      | Noticed Maurice
  9237 | D:8      | Killed Maurice
  9238 | D:8      | Reached skill level 10 in Axes
  9799 | D:8      | Found a sparkling altar of Nemelex Xobeh.
 10487 | D:8      | Gained mutation: A meltable shield of frost defends you.
                  | (SH +4) [demonic ancestry]
 10487 | D:8      | Reached XP level 10. HP: 64/82 MP: 12/12
 11021 | D:9      | Reached skill level 11 in Axes
 11393 | D:9      | Noticed a two-headed ogre
 11400 | D:9      | Killed a two-headed ogre
 12051 | D:10     | Entered Level 10 of the Dungeon
 12051 | D:10     | Noticed an orange demon
 12111 | D:10     | Noticed Amaemon
 12467 | D:9      | Reached skill level 12 in Axes
 12690 | D:10     | Killed Amaemon
 12707 | D:10     | Killed an orange demon
 12708 | D:10     | Reached skill level 10 in Fighting
 12861 | D:10     | Found an ornate altar of the Wu Jian Council.
 12861 | D:10     | Found a staircase to the Lair.
 12889 | D:10     | Gained mutation: Your touch may irresistibly damage your
                  | foes and sap their willpower. [demonic ancestry]
 12889 | D:10     | Reached XP level 11. HP: 87/90 MP: 13/13
 13274 | D:9      | Slain by a troll

Illustrated notes

Levels and vault maps discovered:
D:1:      psy_arrival_radial02, layout_basic, palyth_stone_intersect
D:2:      layout_rooms, basic_altar, guppyfry_early_orc_mine
D:3:      layout_loops_ring, nicolae_uskayaw_dance_hall, zin_angel,
          mainiacjoe_overflow_cross_hatched, nicolae_overflow_hidden_temple,
          basic_ecumenical_altar, kennysheep_generic_room_2, uniq_jessica
D:4:      layout_gridville, kennysheep_mini,
          minmay_temple_entry_statues_fountains
D:5:      layout_loops_cross, nicolae_take_the_stairs, minivault_4,
          minmay_crossroads
D:6:      gammafunk_steamed_eel, layout_basic, minmay_misc_feat_tower,
          minmay_misc_feat_doors, sigmund_army
D:7:      layout_layer_cave, grunt_dithmenos_smoke, lemuel_doored_altar,
          serial_park_tiny_2
D:8:      layout_loops_corners, nemelex_xobeh_ov_fountains_minmay, uniq_maurice
D:9:      layout_basic, nicolae_elevator_lobby_plus
D:10:     layout_loops_ring, nicolae_ashenzari_skybound,
          nicolae_wu_jian_wuxing_cycle, kennysheep_vampire_church,
          minmay_misc_feat_iff, minmay_fractal_squares_diagonal_5, uniq_amaemon
Temple:   eino_temple_lava

Skill      XL: |  1  2  3  4  5  6  7  8  9 10 |
---------------+-------------------------------+-----
Axes           | 3 4 5 6 7 8 10 12 | 12.5
Fire Magic     | 3 4 5 |  5.0
Fighting       | 4 5 6 7 8 10 | 10.0
Spellcasting   | |  1.5

Action                     |  1- 3 |  4- 6 |  7- 9 | 10-12 || total
---------------------------+-------+-------+-------+-------++-------
  Melee: Hand axe          |   113 |    20 |   106 |     1 ||   240
         Touch             |       |     5 |    10 |     8 ||    23
         War axe           |       |       |       |    27 ||    27
   Cast: Scorch            |    17 |    62 |   167 |    83 ||   329
 Invoke: Fiery Armour      |     1 |       |       |     1 ||     2
         Foxfire Swarm     |       |     1 |       |       ||     1
         Rising Flame      |       |       |       |     1 ||     1
  Evoke: Wand              |       |     1 |     5 |     1 ||     7
    Use: Scroll            |       |       |     5 |    14 ||    19
         Potion            |       |       |       |     2 ||     2
   Stab: Distracted        |       |       |     1 |       ||     1
 Armour: Robe              |    35 |     8 |    62 |    40 ||   145
  Dodge: Dodged            |    77 |    31 |   108 |    59 ||   275
  Block: Other             |       |       |       |    24 ||    24

Table legend: (Time is in decaauts)
 A = Elapsed time spent in this place.
 B = Non-inter-level travel time spent in this place.
 C = Inter-level travel time spent in this place.
 D = Time resting spent in this place.
 E = Time spent auto-exploring this place.
 F = Levels seen in this place.
 G = Mean time per level.
                   A        B        C        D        E       F      G
               +--------+--------+--------+--------+--------+-----+--------+
         Total |  13300 |  12585 |    715 |   3418 |   7456 |  11 | 1209.1 |
       Dungeon |  13210 |  12495 |    715 |   3418 |   7376 |  10 | 1321.0 |
        Temple |     89 |     89 |      0 |      0 |     80 |   1 |   89.0 |
               +--------+--------+--------+--------+--------+-----+--------+

Top non-repeatable levels by time:
     D:9: 2582 daAuts
     D:6: 2063 daAuts
     D:5: 1515 daAuts
     D:8: 1343 daAuts
     D:7: 1220 daAuts
     D:3: 1216 daAuts
     D:1: 1202 daAuts
     D:4: 1155 daAuts
     D:2: 749 daAuts
    D:10: 160 daAuts
  Temple: 89 daAuts
